 Dungeon Crawl Stone Soup version 0.18.0-1-g0107ab7 (webtiles) character file.

221 juanjsm the Sneak (level 5, 0/25 HPs)
             Began as a Spriggan Enchanter on May 5, 2016.
             Slain by an orc priest
             ... wielding a +0 mace
              (5 damage)
             ... on level 4 of the Dungeon.
             The game lasted 00:12:01 (3013 turns).

juanjsm the Sneak (Spriggan Enchanter)              Turns: 3013, Time: 00:12:01

Health: 0/25       AC:  3    Str:  4    XL:     5   Next: 65%
Magic:  7/12       EV: 19    Int: 17    God:
Gold:   154        SH:  0    Dex: 17    Spells: 4 memorised, 3 levels left

rFire  . . .     SeeInvis +     k - +4 dagger
rCold  . . .     Gourm    .     b - +1 robe
rNeg   . . .     Faith    .     (shield restricted)
rPois  .         Spirit   .     (helmet restricted)
rElec  .         Dismiss  .     (no cloak)
rCorr  .         Reflect  .     (gloves unavailable)
SustAt .         Harm     .     (boots unavailable)
MR     .....                    (no amulet)
Stlth  ++++......               (no ring)
                                (no ring)

@: very quick, not resistant to hostile enchantments, stealthy
A: unfitting armour, see invisible, herbivore 3, speed 3, slow metabolism 2
a: no special abilities


You were on level 4 of the Dungeon.
You were hungry.

You visited 1 branch of the dungeon, and saw 4 of its levels.

You collected 154 gold pieces.

Inventory:

Hand Weapons
 k - a +4 dagger (weapon)
 u - a +1 dagger of freezing
Armour
 b - a +1 robe (worn)
Jewellery
 w - a cursed ring of magical power {unknown}
 y - an uncursed ring of magical power {unknown}
Scrolls
 a - a scroll of amnesia {unknown}
 f - 2 scrolls of identify {unknown}
 g - 2 scrolls of magic mapping {unknown}
 h - a scroll of immolation {unknown}
 i - 5 scrolls of remove curse {unknown}
 l - a scroll of recharging {unknown}
 n - 4 scrolls of blinking {unknown}
 p - a scroll of noise {unknown}
 q - a scroll of fog {unknown}
 s - 3 scrolls of teleportation {unknown}
Potions
 e - 2 potions of haste {unknown}
 j - a potion of degeneration {unknown}
 o - a potion of lignification {unknown}
 r - a potion of magic {unknown}
 t - a potion of brilliance {unknown}
 x - a potion of might
Books
 c - a book of Maledictions

   Spells                             Type                      Level
   a - Corona                         Hexes                        1
   b - Ensorcelled Hibernation        Hexes/Ice                    2
   c - Confuse                        Hexes                        3
   d - Tukima's Dance                 Hexes                        3
   e - Dazzling Spray                 Conjuration/Hexes            3
Comestibles
 d - 3 bread rations
 m - a slice of pizza
 v - a royal jelly
 z - 3 fruits


   Skills:
 + Level 0.5 Fighting
 + Level 1.4 Short Blades
 + Level 4.0 Dodging
 + Level 7.0 Stealth
 + Level 4.3 Spellcasting
 + Level 4.2 Hexes
 + Level 1.0 Ice Magic


You had 3 spell levels left.
You knew the following spells:

 Your Spells              Type           Power        Failure   Level  Hunger
a - Corona                Hex            ###....      2%          1    None
b - Ensorcelled Hibernat  Hex/Ice        ##....       10%         2    ##.....
c - Confuse               Hex            ###.....     10%         3    ###....
d - Dazzling Spray        Conj/Hex       ##......     21%         3    ###....


Dungeon Overview and Level Annotations

Branches:
Dungeon (4/15)
 Temple: D:4-7

Altars:


Innate Abilities, Weirdness & Mutations

You are tiny and cannot use many weapons and most armour.
You have supernaturally acute eyesight.
You are a herbivore.
You cover ground extremely quickly.
You need consume almost no food.


Message History

Press: ? - help, Shift-Dir - straight line, f - orc
Aim: an orc, wielding a hand axe and wearing a leather armour
Okay, then.
Casting: Dazzling Spray
Confirm with . or Enter, or press ? or * to list all spells.
Aiming: Dazzling Spray
Press: ? - help, Shift-Dir - straight line The spray of energy hits the orc.
The orc is severely wounded.
The orc is dazzled.
The spray of energy hits the orc priest.
The orc priest is moderately wounded.
The orc priest is dazzled.
The orc closely misses you.
You are too injured to fight recklessly!
You are too injured to fight recklessly!
You are too injured to fight recklessly!
You hit the orc but do no damage.
The orc is severely wounded.
The orc priest hits you with a mace.
You die...

####
#+..o##
#..⌠)@#
##..o##
####


You could see an orc priest (blind) and an orc (blind).

Vanquished Creatures
  An orc priest (D:3)
  2 orc wizards (D:3)
  Robin (D:2)
  2 adders (D:3)
  2 oozes
  2 worms
  A dart slug (D:1)
  3 giant geckos
  10 orcs
  5 bats
  8 giant cockroaches
  16 goblins
  6 hobgoblins
  8 jackals
  2 kobolds (D:3)
  A quokka (D:2)
  2 giant newts (D:3)
  4 rats
76 creatures vanquished.

Vanquished Creatures (others)
  2 plants (D:2)
2 creatures vanquished.

Grand Total: 78 creatures vanquished

Notes
Turn   | Place    | Note
--------------------------------------------------------------
     0 | D:1      | juanjsm the Spriggan Enchanter began the quest for the Orb.
     0 | D:1      | Reached XP level 1. HP: 9/9 MP: 5/5
    38 | D:2      | Noticed Robin
   129 | D:2      | Reached skill level 5 in Stealth
   129 | D:2      | Reached XP level 2. HP: 11/13 MP: 6/6
   287 | D:1      | Learned a level 2 spell: Ensorcelled Hibernation
   866 | D:2      | Reached XP level 3. HP: 16/16 MP: 3/8
   871 | D:2      | Learned a level 3 spell: Confuse
  1510 | D:2      | Killed Robin
  1653 | D:3      | Reached skill level 6 in Stealth
  1653 | D:3      | Reached XP level 4. HP: 21/21 MP: 5/10
  2051 | D:3      | Reached XP level 5. HP: 25/25 MP: 12/12
  2058 | D:3      | Learned a level 3 spell: Dazzling Spray
  2065 | D:3      | Reached skill level 1 in Ice Magic
  2911 | D:3      | Reached skill level 7 in Stealth
  3013 | D:4      | Slain by an orc priest

Skill      XL: |  1  2  3  4  5 |
---------------+----------------+-----
Stealth        | 5 6 7 |  7.0
Spellcasting   | 3 4 |  4.3
Hexes          | 4 |  4.2
Ice Magic      | 1 |  1.0
Dodging        | 4 |  4.0
Fighting       | |  0.5
Short Blades   | |  1.4

Action                   |  1- 3 |  4- 6 || total
-------------------------+-------+-------++-------
Melee: Dagger            |    77 |    85 ||   162
 Cast: Corona            |     5 |       ||     5
       Ensorcelled Hiber |    28 |    29 ||    57
       Confuse           |       |     1 ||     1
       Dazzling Spray    |       |     1 ||     1
 Stab: Sleeping          |    29 |    28 ||    57
       Distracted        |     2 |       ||     2
       Confused          |       |     1 ||     1
  Eat: Pizza             |       |     1 ||     1
Armor: Robe              |    11 |     4 ||    15
Dodge: Dodged            |    53 |    78 ||   131
